AoeStats
← 台灣大表哥

Fortress

509562716Analyzed
4v4 RM · 6d ago on Sep 27, 2026· 59m 36s· 8 players
Game mode
Random Map
Map size
Huge
Population
200
Speed
Normal
Resources
Standard
Victory
Conquest
Starting age
Dark Age
Ending age
Imperial Age
RankedLock teamsTeams togetherTeam positionsShared explorationLock speedFull tech treeHidden civsTurbo modeCheats
Victory
Defeat
🇬🇷 Goths · Greece
911
+15
🇺🇾 Lithuanians · Uruguay
854
+17
🇹🇼 Sicilians · Taiwan
847
+18
🇮🇩 Byzantines · Indonesia
787
+20
🇦🇷 Jurchens · Argentina
953
-20
🇦🇷 Cumans · Argentina
926
-19
🇮🇹 Franks · Italy
914
-19
🇺🇸 Bohemians · United States
744
-12
台灣大表哥
0:37 Loom
8:29 Feudal Age
9:19 Double-Bit Axe
9:22 Horse Collar
16:07 Castle Age
14:12 Man-at-Arms
16:53 Bloodlines
17:00 Forging
16:50 Scale Mail Armor
17:27 Pikeman
19:05 Bow Saw
19:24 Heavy Plow
21:10 Squires
22:35 Chain Mail Armor
22:14 Long Swordsman
23:04 Gambesons
28:21 Wheelbarrow
27:33 Town Watch
34:01 Imperial Age
32:33 Husbandry
33:25 Hand Cart
35:59 Conscription
35:00 Elite Serjeant
36:41 Hoardings
36:31 Scale Barding Armor
36:19 Cavalier
36:53 Elite Skirmisher
38:56 Light Cavalry
40:13 Halberdier
40:45 Cranequins
42:53 Plate Mail Armor
42:59 Iron Casting
45:56 Arson
47:14 Blast Furnace
46:37 Chain Barding Armor
46:42 Fletching
46:53 Padded Archer Armor
46:21 Capped Ram
48:18 Two-Handed Swordsman
49:15 Champion
51:51 Plate Barding Armor
51:12 Bodkin Arrow
51:33 Leather Archer Armor
51:54 Heavy Mounted Crossbowman
54:09 Crop Rotation
55:06 Bracer
Jesus
2:00 Loom
8:12 Feudal Age
8:38 Horse Collar
8:47 Double-Bit Axe
10:15 Gold Mining
16:47 Castle Age
15:52 Stone Mining
17:40 Heavy Plow
20:24 Bow Saw
22:54 Scale Mail Armor
23:05 Forging
22:30 Man-at-Arms
23:13 Squires
25:51 Imperial Age
25:21 Wheelbarrow
24:11 Long Swordsman
25:15 Anarchy
26:11 Two-Handed Swordsman
28:19 Two-Man Saw
28:11 Crop Rotation
30:10 Champion
33:03 Conscription
32:44 Perfusion
34:51 Chain Mail Armor
35:12 Iron Casting
35:51 Elite Huskarl
38:29 Pikeman
39:48 Halberdier
45:19 Hand Cart
46:22 Blast Furnace
46:56 Town Watch
JulioApo
8:33 Feudal Age
10:14 Double-Bit Axe
13:01 Castle Age
11:07 Horse Collar
14:34 Bow Saw
14:28 Heavy Plow
19:51 Loom
30:46 Imperial Age
29:43 Scale Barding Armor
29:49 Forging
29:30 Fletching
31:54 Chain Barding Armor
31:35 Scale Mail Armor
32:11 Iron Casting
32:27 Conscription
32:26 Elite Leitis
37:11 Pikeman
37:52 Squires
40:12 Halberdier
45:22 Bodkin Arrow
45:28 Padded Archer Armor
45:45 Chain Mail Armor
46:05 Plate Barding Armor
46:03 Elite Skirmisher
49:41 Wheelbarrow
52:18 Bracer
52:34 Leather Archer Armor
53:00 Hill Forts
53:01 Tower Shields
53:16 Light Cavalry
54:07 Bloodlines
54:57 Husbandry
55:24 Winged Hussar
57:24 Ring Archer Armor
Veluxz
8:14 Feudal Age
12:48 Castle Age
11:35 Double-Bit Axe
11:34 Horse Collar
12:04 Gold Mining
13:49 Wheelbarrow
16:17 Gold Shaft Mining
16:48 Heavy Plow
17:03 Bow Saw
17:49 Wheelbarrow
21:48 Stone Mining
28:15 Imperial Age
26:05 Treadmill Crane
26:56 Hand Cart
28:53 Stone Shaft Mining
28:25 Greek Fire
29:28 Loom
31:43 Two-Man Saw
33:23 Logistica
33:17 Husbandry
33:25 Scale Barding Armor
33:30 Forging
36:00 Crop Rotation
35:56 Chain Barding Armor
36:11 Iron Casting
37:26 Plate Barding Armor
38:20 Chemistry
36:48 Elite Cataphract
38:27 Squires
38:29 Scale Mail Armor
37:59 Pikeman
38:30 Halberdier
38:57 Gambesons
39:01 Arson
48:22 Elite Skirmisher
49:07 Thumb Ring
52:19 Caravan
56:29 Crossbowman
57:44 Padded Archer Armor
57:35 Fletching
57:08 Heavy Camel Rider
57:09 Light Cavalry
58:52 Elite Varangian Guard
Boundless316
1:42 Loom
7:59 Feudal Age
9:28 Wheelbarrow
8:41 Double-Bit Axe
8:39 Horse Collar
15:41 Castle Age
16:42 Hand Cart
16:41 Bow Saw
16:39 Heavy Plow
ricky
1:26 Loom
6:32 Feudal Age
11:10 Castle Age
10:51 Double-Bit Axe
17:41 Fervor
22:38 Wheelbarrow
25:54 Hand Cart
26:29 Fletching
28:20 Bodkin Arrow
29:31 Bow Saw
30:27 Forging
33:14 Padded Archer Armor
37:06 Imperial Age
36:25 Leather Archer Armor
37:07 Scale Mail Armor
38:02 Murder Holes
45:53 Elite Skirmisher
47:05 Ballistics
48:03 Bracer
48:39 Iron Casting
49:25 Two-Man Saw
49:07 Caravan
51:27 Chemistry
51:11 Elite Fire Lancer
53:21 Chain Mail Armor
54:16 Siege Engineers
56:28 Conscription
knoxville2049
0:30 Loom
6:36 Feudal Age
8:38 Horse Collar
18:23 Double-Bit Axe
21:31 Castle Age
20:05 Fletching
20:21 Scale Barding Armor
20:28 Forging
21:00 Stone Mining
21:02 Gold Mining
21:08 Gold Mining
22:26 Bow Saw
23:21 Bloodlines
22:39 Light Cavalry
23:23 Heavy Plow
27:19 Chain Barding Armor
27:36 Iron Casting
29:07 Wheelbarrow
28:18 Town Watch
29:00 Pikeman
29:40 Squires
29:26 Arson
32:16 Imperial Age
31:32 Scale Mail Armor
34:47 Two-Man Saw
34:19 Crop Rotation
34:36 Hoardings
34:22 Conscription
34:03 Steppe Husbandry
33:34 Sappers
35:30 Chain Mail Armor
36:16 Blast Furnace
36:19 Chemistry
35:40 Ballistics
35:16 Murder Holes
37:57 Hand Cart
37:28 Town Watch
38:04 Masonry
39:38 Plate Mail Armor
39:46 Cuman Mercenaries
39:38 Halberdier
40:59 Plate Barding Armor
40:48 Caravan
41:57 Padded Archer Armor
42:29 Elite Kipchak
43:28 Leather Archer Armor
43:47 Coinage
43:28 Guilds
49:02 Ring Archer Armor
48:28 Bodkin Arrow
52:46 Cavalier
54:54 Banking
54:50 Paladin
FraButtu89
7:28 Feudal Age
13:14 Castle Age
11:41 Double-Bit Axe
14:34 Bow Saw
24:09 Imperial Age
22:56 Town Watch
23:48 Wheelbarrow
23:53 Husbandry
23:51 Gold Mining
24:24 Cavalier
26:54 Hand Cart
28:03 Paladin
29:44 Gold Shaft Mining
31:43 Scale Barding Armor
32:00 Fortified Wall
36:11 Chain Barding Armor
36:29 Coinage
37:28 Plate Barding Armor
48:56 Squires
48:16 Pikeman
48:42 Gambesons
48:43 Arson
51:04 Banking
50:35 Caravan
50:09 Halberdier
52:15 Forging
52:05 Scale Mail Armor
Connection lost

Rejoining the realm…

Still unreachable

The connection could not be restored.

Session expired

The server has moved on; the page needs a fresh start.